AAA
LONG ISLAND NAVIGATORS @ FLUSHING CHIEFS
04/14/2060
 
TOP OF THE 1ST
Richmond Rams batting - Pitching for Flushing Chiefs : RHP Warren Lallier
Pitching: RHP Warren Lallier
Batting: LHB Jess Hajiev 0-0: Ball
1-0: Ball
2-0: Ball
3-0: Base on Balls
Batting: LHB Del Pripisnov 0-0: Ball
1-0: Fly out, F9 (Flyball, 9LM, EV 99.4 MPH)
Batting: RHB Darcey Hodnett 0-0: Ball
1-0: Foul Ball, location: 2F
1-1: Fly out, F9 (Flyball, 9S, EV 88.1 MPH)
Batting: RHB Hayden Jones 0-0: Ball
1-0: Ball
2-0: Called Strike
2-1: Foul Ball, location: 2F
2-2: Reached on error, E5 (Groundball, 56S, EV 83.8 MPH)
Jess Hajiev to second
Batting: RHB Andy Hugo 0-0: Swinging Strike
0-1: Fly out, F8 (Flyball, 8RM, EV 81.9 MPH)
Top of the 1st over - 0 runs, 0 hits, 1 error, 2 left on base; Richmond 0 - Flushing 0
BOTTOM OF THE 1ST
Flushing Chiefs batting - Pitching for Richmond Rams : RHP Curt Webber
Pitching: RHP Curt Webber
Batting: RHB Venric Udaka 0-0: Ball
1-0: Ball
2-0: Ball
3-0: Called Strike
3-1: Base on Balls
Batting: RHB Edward Clinton 0-0: Called Strike
0-1: Grounds into double play, 4-6-3 (Groundball, 4, EV 97.5 MPH)
Batting: RHB Adrien Mondragon 0-0: Ball
1-0: Foul Ball, location: 2F
1-1: Ball
2-1: Fly out, F7 (Line Drive, 7, EV 85.0 MPH)
Bottom of the 1st over - 0 runs, 0 hits, 0 errors, 0 left on base; Richmond 0 - Flushing 0
TOP OF THE 2ND
Richmond Rams batting - Pitching for Flushing Chiefs : RHP Warren Lallier
Batting: RHB Jeremy Hollabaugh 0-0: Called Strike
0-1: Ball
1-1: Ball
2-1: Called Strike
2-2: Foul Ball, location: 2F
2-2: SINGLE (Line Drive, 7S, EV 103.1 MPH)
Batting: RHB Linton Makepeace 0-0: Foul Ball, location: 2F
0-1: Foul Ball, location: 2F
0-2: DOUBLE (Line Drive, 89D, EV 106.9 MPH)
Jeremy Hollabaugh to third
Batting: RHB Tommy Dupree 0-0: Ball
1-0: SINGLE (Line Drive, 34D, EV 100.0 MPH)
Jeremy Hollabaugh scores
Linton Makepeace to third
Batting: RHB Joey Shelton 0-0: Ball
1-0: Called Strike
1-1: Ball
Tommy Dupree steals 2nd base
2-1: Called Strike
2-2: Foul Ball, location: 2F
2-2: Strikes out swinging
Batting: LHB Jess Hajiev 0-0: Foul Ball, location: 2F
0-1: SINGLE (Groundball, 6MS, EV 65.0 MPH) (infield hit)
Linton Makepeace scores
Tommy Dupree to third
Batting: LHB Del Pripisnov 0-0: Ball
1-0: Grounds into double play, 4-6-3 (Groundball, 4M, EV 85.6 MPH)
Top of the 2nd over - 2 runs, 4 hits, 0 errors, 1 left on base; Richmond 2 - Flushing 0
BOTTOM OF THE 2ND
Flushing Chiefs batting - Pitching for Richmond Rams : RHP Curt Webber
Batting: RHB Isaac Bonner 0-0: Ball
1-0: Fly out, F8 (Flyball, 89M, EV 86.2 MPH)
Batting: RHB Cody Turner 0-0: Foul Ball, location: 2F
0-1: Swinging Strike
0-2: Ball
1-2: Ground out 6-3 (Groundball, 6, EV 101.2 MPH)
Batting: RHB Abel Kazaz 0-0: Foul Ball, location: 2F
0-1: DOUBLE (Line Drive, 7LM, EV 106.9 MPH)
Batting: RHB Hayden Cooper 0-0: Called Strike
0-1: Ball
1-1: Ball
2-1: Ball
3-1: Foul Ball, location: 2F
3-2: Fly out, F9 (Flyball, 9S, EV 96.2 MPH)
Bottom of the 2nd over - 0 runs, 1 hit, 0 errors, 1 left on base; Richmond 2 - Flushing 0
TOP OF THE 3RD
Richmond Rams batting - Pitching for Flushing Chiefs : RHP Warren Lallier
Batting: RHB Darcey Hodnett 0-0: Foul Ball, location: 2F
0-1: Foul Ball, location: 2F
0-2: Foul Ball, location: 2F
0-2: Ball
1-2: Ball
2-2: Foul Ball, location: 2F
2-2: Ball
3-2: Fly out, F9 (Flyball, 9, EV 95.6 MPH)
Batting: RHB Hayden Jones 0-0: Foul Ball, location: 2F
0-1: Foul Ball, location: 2F
0-2: Ball
1-2: Ball
2-2: Strikes out swinging, 2-3 out at first.
Batting: RHB Andy Hugo 0-0: Ball
1-0: Called Strike
1-1: Fly out, F9 (Flyball, 9D, EV 98.8 MPH)
Top of the 3rd over - 0 runs, 0 hits, 0 errors, 0 left on base; Richmond 2 - Flushing 0
BOTTOM OF THE 3RD
Flushing Chiefs batting - Pitching for Richmond Rams : RHP Curt Webber
Batting: RHB Vance Thompson 0-0: DOUBLE (Groundball, 3L, EV 111.2 MPH)
Batting: RHB Mustafa Macias 0-0: Ball
1-0: Ball
2-0: SINGLE (Groundball, 56D, EV 95.0 MPH)
Vance Thompson to third
Batting: RHB Venric Udaka 0-0: Called Strike
0-1: DOUBLE (Line Drive, 89XD, EV 111.9 MPH)
Vance Thompson scores
Mustafa Macias to third
Batting: RHB Edward Clinton 0-0: Foul Ball, location: 2F
0-1: Ball
1-1: SINGLE (Groundball, 6MD, EV 95.6 MPH)
Mustafa Macias scores
Venric Udaka to third
Batting: RHB Adrien Mondragon 0-0: Swinging Strike
0-1: Foul Ball, location: 2F
0-2: Ball
1-2: Fly out, F9 (Flyball, 9, EV 90.0 MPH)
Runner from 3rd tags up, SCORES, throw by RF
Batting: RHB Isaac Bonner 0-0: Ball
1-0: Called Strike
1-1: Ball
2-1: Ball
3-1: Foul Ball, location: 2F
3-2: Fly out, F7 (Flyball, 7LSF, EV 83.8 MPH)
Batting: RHB Cody Turner Pickoff Play to 1st, Runner tries for 2nd, OUT after rundown.
Bottom of the 3rd over - 3 runs, 4 hits, 0 errors, 0 left on base; Richmond 2 - Flushing 3
TOP OF THE 4TH
Richmond Rams batting - Pitching for Flushing Chiefs : RHP Warren Lallier
Batting: RHB Jeremy Hollabaugh 0-0: Swinging Strike
0-1: Ball
1-1: Fly out, F7 (Flyball, 78M, EV 95.6 MPH)
Batting: RHB Linton Makepeace 0-0: Ball
1-0: Ball
2-0: Called Strike
2-1: Called Strike
2-2: Ball
3-2: Strikes out swinging
Batting: RHB Tommy Dupree 0-0: Swinging Strike
0-1: Ball
1-1: Ball
2-1: Foul Ball, location: 2F
2-2: Fly out, F3 (Popup, 3F, EV 79.4 MPH)
Top of the 4th over - 0 runs, 0 hits, 0 errors, 0 left on base; Richmond 2 - Flushing 3
BOTTOM OF THE 4TH
Flushing Chiefs batting - Pitching for Richmond Rams : RHP Curt Webber
Batting: RHB Cody Turner 0-0: Swinging Strike
0-1: Ball
1-1: DOUBLE (Line Drive, 8LD, EV 105.6 MPH)
Batting: RHB Abel Kazaz 0-0: Called Strike
0-1: Foul Ball, location: 2F
0-2: Fly out, F8 (Flyball, 8LXD, EV 100.6 MPH)
Runner from 2nd tags up, SAFE at 3rd, no throw by CF
Batting: RHB Hayden Cooper 0-0: Ball
1-0: Foul Ball, location: 2F
1-1: Fly out, F7 (Flyball, 7S, EV 73.1 MPH)
Batting: RHB Vance Thompson 0-0: Ball
1-0: Ball
2-0: Fly out, F3 (Flyball, 3D, EV 83.8 MPH)
Bottom of the 4th over - 0 runs, 1 hit, 0 errors, 1 left on base; Richmond 2 - Flushing 3
TOP OF THE 5TH
Richmond Rams batting - Pitching for Flushing Chiefs : RHP Warren Lallier
Batting: RHB Joey Shelton 0-0: Foul Ball, location: 2F
0-1: Foul Ball, location: 2F
0-2: Foul Ball, location: 2F
0-2: Ball
1-2: Fly out, F9 (Flyball, 89M, EV 95.6 MPH)
Batting: LHB Jess Hajiev 0-0: SINGLE (Groundball, 6MS, EV 66.2 MPH) (infield hit)
Batting: LHB Del Pripisnov 0-0: Ball
1-0: Ball
2-0: Ball
3-0: Called Strike
3-1: Base on Balls
Jess Hajiev to second
Batting: RHB Darcey Hodnett 0-0: Ball
1-0: Ball
2-0: Ball
3-0: Called Strike
3-1: Grounds into double play, 5-4-3 (Groundball, 56, EV 78.1 MPH)
Top of the 5th over - 0 runs, 1 hit, 0 errors, 1 left on base; Richmond 2 - Flushing 3
BOTTOM OF THE 5TH
Flushing Chiefs batting - Pitching for Richmond Rams : RHP Curt Webber
Batting: RHB Mustafa Macias 0-0: SINGLE (Groundball, 56D, EV 95.0 MPH)
Batting: RHB Venric Udaka 0-0: Called Strike
0-1: Ball
1-1: Foul Ball, location: 2F
1-2: Ball
2-2: Foul Ball, location: 2F
2-2: Ball
3-2: Foul Ball, location: 2F
3-2: Fielders Choice at 2nd, 1-6 (Groundball, 34S, EV 60.6 MPH)
Batting: RHB Edward Clinton 0-0: Ball
1-0: SINGLE (Groundball, 56D, EV 98.8 MPH)
Venric Udaka to second
Batting: RHB Adrien Mondragon 0-0: Called Strike
0-1: Foul Ball, location: 2F
0-2: Ball
1-2: Fielders Choice at 2nd, 5-4 (Groundball, 56, EV 106.9 MPH)
Venric Udaka to third
Batting: RHB Isaac Bonner 0-0: Called Strike
0-1: Foul Ball, location: 2F
0-2: Ball
1-2: Foul Ball, location: 2F
1-2: Strikes out looking
Bottom of the 5th over - 0 runs, 2 hits, 0 errors, 2 left on base; Richmond 2 - Flushing 3
TOP OF THE 6TH
Richmond Rams batting - Pitching for Flushing Chiefs : RHP Warren Lallier
Batting: RHB Hayden Jones 0-0: Ground out 6-3 (Groundball, 6, EV 81.9 MPH)
Batting: RHB Andy Hugo 0-0: Fly out, F7 (Flyball, 7LS, EV 85.6 MPH)
Batting: RHB Jeremy Hollabaugh 0-0: Ball
1-0: Swinging Strike
1-1: Foul Ball, location: 2F
1-2: Fly out, F6 (Popup, 5D, EV 51.9 MPH)
Top of the 6th over - 0 runs, 0 hits, 0 errors, 0 left on base; Richmond 2 - Flushing 3
BOTTOM OF THE 6TH
Flushing Chiefs batting - Pitching for Richmond Rams : RHP Curt Webber
Batting: RHB Cody Turner 0-0: Ball
1-0: Fly out, F7 (Flyball, 7, EV 95.0 MPH)
Batting: RHB Abel Kazaz 0-0: Foul Ball, location: 2F
0-1: Ball
1-1: Called Strike
1-2: Foul Ball, location: 2F
1-2: Foul Ball, location: 2F
1-2: Ground out 3-1 (Groundball, 34S, EV 83.8 MPH)
Batting: RHB Hayden Cooper 0-0: Ball
1-0: Called Strike
1-1: Ground out 6-3 (Groundball, 6, EV 78.1 MPH)
Bottom of the 6th over - 0 runs, 0 hits, 0 errors, 0 left on base; Richmond 2 - Flushing 3
TOP OF THE 7TH
Richmond Rams batting - Pitching for Flushing Chiefs : RHP Warren Lallier
Batting: RHB Linton Makepeace 0-0: Ball
1-0: Called Strike
1-1: Ball
2-1: Foul Ball, location: 2F
2-2: Fly out, F9 (Line Drive, 9, EV 91.9 MPH)
Batting: RHB Tommy Dupree 0-0: Ball
1-0: Swinging Strike
1-1: Called Strike
1-2: Strikes out swinging
Batting: RHB Joey Shelton 0-0: Called Strike
0-1: Ball
1-1: Ball
2-1: Ground out 6-3 (Groundball, 6, EV 80.6 MPH)
Top of the 7th over - 0 runs, 0 hits, 0 errors, 0 left on base; Richmond 2 - Flushing 3
BOTTOM OF THE 7TH
Flushing Chiefs batting - Pitching for Richmond Rams : RHP Curt Webber
Batting: RHB Vance Thompson 0-0: Ball
1-0: SINGLE (Groundball, 4MD, EV 101.2 MPH)
Batting: RHB Mustafa Macias 0-0: Bunt missed!
0-1: Bunted foul
0-2: Foul Ball, location: 2F
0-2: Ball
1-2: Ball
2-2: Strikes out swinging
Batting: RHB Venric Udaka 0-0: Fielders Choice at 2nd, 6-4 (Groundball, 6, EV 83.8 MPH)
Batting: RHB Edward Clinton 0-0: Called Strike
Venric Udaka is caught stealing 2nd base 2-4
Bottom of the 7th over - 0 runs, 1 hit, 0 errors, 0 left on base; Richmond 2 - Flushing 3
TOP OF THE 8TH
Richmond Rams batting - Pitching for Flushing Chiefs : RHP Warren Lallier
Pitching: RHP Steven Frack
Batting: LHB Jess Hajiev 0-0: Ball
1-0: Called Strike
1-1: Swinging Strike
1-2: Ball
2-2: Foul Ball, location: 2F
2-2: Ball
3-2: Strikes out looking
Batting: LHB Del Pripisnov 0-0: Ball
1-0: Ball
2-0: DOUBLE (Flyball, 89XD, EV 96.9 MPH)
Batting: RHB Darcey Hodnett 0-0: Ball
1-0: Called Strike
1-1: Foul Ball, location: 2F
1-2: Fly out, F3 (Line Drive, 34, EV 68.1 MPH)
Batting: RHB Hayden Jones 0-0: Foul Ball, location: 2F
0-1: Called Strike
0-2: Ball
1-2: Strikes out looking
Top of the 8th over - 0 runs, 1 hit, 0 errors, 1 left on base; Richmond 2 - Flushing 3
BOTTOM OF THE 8TH
Flushing Chiefs batting - Pitching for Richmond Rams : RHP Curt Webber
Batting: RHB Edward Clinton 0-0: Ball
1-0: Foul Ball, location: 2F
1-1: Foul Ball, location: 2F
1-2: Ball
2-2: Hit by Pitch
Pitching: RHP Jaxon Lentini
Batting: RHB Adrien Mondragon 0-0: Ball
1-0: Called Strike
1-1: Called Strike
1-2: Strikes out looking
Batting: RHB Isaac Bonner 0-0: Ball
1-0: Ball
Edward Clinton steals 2nd base
2-0: Intentional Walk
Batting: RHB Cody Turner 0-0: Called Strike
0-1: Ball
1-1: Foul Ball, location: 2F
1-2: Hit by Pitch
Edward Clinton to third
Isaac Bonner to second
Batting: RHB Abel Kazaz 0-0: Fly out, F8 (Flyball, 8LD, EV 93.8 MPH)
Runner from 3rd tags up, SCORES, throw by CF
Isaac Bonner to third
Batting: RHB Hayden Cooper 0-0: Called Strike
0-1: Swinging Strike
0-2: Ball
1-2: Strikes out looking
Bottom of the 8th over - 1 run, 0 hits, 0 errors, 2 left on base; Richmond 2 - Flushing 4
TOP OF THE 9TH
Richmond Rams batting - Pitching for Flushing Chiefs : RHP Steven Frack
Batting: RHB Andy Hugo 0-0: Called Strike
0-1: Ball
1-1: Ball
2-1: Called Strike
2-2: Foul Ball, location: 2F
2-2: SOLO HOME RUN (Flyball, 9LD, EV 91.2 MPH), Distance : 325 ft
Pinch Hitting: LHB Logan Sparks 0-0: Foul Ball, location: 2F
0-1: Foul Ball, location: 2F
0-2: Foul Ball, location: 2F
0-2: Foul Ball, location: 2F
0-2: Strikes out swinging
Batting: RHB Linton Makepeace 0-0: Ball
1-0: Swinging Strike
1-1: Ball
2-1: Called Strike
2-2: Strikes out swinging
Batting: RHB Tommy Dupree 0-0: Called Strike
0-1: Foul Ball, location: 2F
0-2: Ball
1-2: Fly out, F8 (Flyball, 89M, EV 86.2 MPH)
Top of the 9th over - 1 run, 1 hit, 0 errors, 0 left on base; Richmond 3 - Flushing 4
Saturday, April 27th , 2024 - OOTP Baseball 23.10 Build 110